 Dungeon Crawl Stone Soup version 0.20.0-15-g7f486f2 (webtiles) character file.

277 KleinerIrrer the Poker (level 6, -15/56 HPs)
             Began as a Naga Fighter on June 28, 2017.
             Demolished by an ogre
             ... wielding a +0 giant club
              (26 damage)
             ... on level 3 of the Dungeon.
             The game lasted 00:04:58 (2626 turns).

KleinerIrrer the Poker (Naga Fighter)               Turns: 2626, Time: 00:04:59

Health: -15/56     AC:  7    Str: 18    XL:     6   Next: 25%
Magic:  6/6        EV: 10    Int:  8    God:
Gold:   80         SH:  0    Dex: 13    Spells: 5/5 levels left

rFire    . . .     SeeInvis +   y - +3 quarterstaff (chaos)
rCold    . . .     Gourm    .   (shield currently unavailable)
rNeg     . . .     Faith    .   d - +2 robe {MR+}
rPois    +         Spirit   .   (no helmet)
rElec    .         Reflect  .   C - +0 cloak
rCorr    .         Harm     .   p - +0 pair of gloves (curse)
MR       +....                  (no barding)
Stlth    +.........             (no amulet)
Regen    0.2/turn               (no ring)
MPRegen  0.1/turn               (no ring)

@: very slow
A: see invisible, deformed body, poison resistance, slowness 2, slow metabolism
1, spit poison 1, AC +2
a: Spit Poison


You were on level 3 of the Dungeon.
You were not hungry.

You visited 1 branch of the dungeon, and saw 3 of its levels.

You collected 80 gold pieces.

Inventory:

Hand Weapons
 a - a +0 trident
 y - a +3 quarterstaff of chaos (weapon)
Armour
 b - a +0 scale mail
 c - a +0 shield
 d - a +2 robe of magic resistance (worn)
 g - a +0 leather armour
 p - a cursed +0 pair of gloves (worn)
 C - a +0 cloak (worn)
Jewellery
 s - a +3 amulet of reflection {unknown}
Wands
 u - a wand of digging (5/24)
Scrolls
 h - 2 scrolls of fog {unknown}
 l - a scroll of enchant armour {unknown}
 o - a scroll of blinking {unknown}
 r - 3 scrolls of teleportation {unknown}
 v - a scroll of magic mapping {unknown}
 w - a scroll of enchant weapon {unknown}
 x - a scroll of identify
Potions
 e - a potion of flight {unknown}
 i - a potion of agility {unknown}
 j - a potion of heal wounds
 k - a potion of invisibility {unknown}
 n - a potion of berserk rage {unknown}
 q - 2 potions of curing
 t - a potion of brilliance {unknown}
 B - 2 potions of magic {unknown}
Comestibles
 f - a bread ration
 m - 5 fruits
 A - a meat ration


   Skills:
 + Level 3.6 Fighting
 * Level 4.5 Polearms
 + Level 3.2 Armour
 + Level 1.1 Dodging
 + Level 3.0 Shields


You had 5 spell levels left.
You didn't know any spells.

Dungeon Overview and Level Annotations

Branches:
Dungeon (3/15)

Altars:


Innate Abilities, Weirdness & Mutations

You cannot wear boots.
Your serpentine skin is tough. (AC +2)
You have supernaturally acute eyesight. (SInv)
Armour fits poorly on your strangely shaped body.
Your system is resistant to poisons. (rPois)
You cover ground very slowly.
You have a slow metabolism.
You can spit poison.


Message History

You are too injured to fight recklessly!
You are too injured to fight recklessly!
You are too injured to fight recklessly!
You are too injured to fight recklessly!
You feel much better. The hound bites you but does no damage.
The ogre hits you with a giant club!
* * * LOW HITPOINT WARNING * * *
A rat comes into view.
You barely miss the ogre.
The ogre is heavily wounded.
The hound bites you.
* * * LOW HITPOINT WARNING * * *
The hound closely misses you. The ogre closely misses you.
You barely miss the ogre.
The ogre is heavily wounded.
The hound barely misses you. x2
You hit the ogre. You burn the ogre.
The ogre is severely wounded.
The hound bites you but does no damage. The ogre hits you with a giant club!!
You die...

#. #.# ##...##
#....# #. #.#
##'## ##.###
..# ####.#####
#.# #.#
#........# #.#
###.##.###.#
#.#
##.#.#...##.###
#.#
#..............
..#
#.....#.hO##.##
###
#........#@...#
.......#...####
###...###.##
##.# #.# ## #(#
#.######### ###
#.........#
##.#########
#.#######.#
##..........#
#.# #.#


You could see an ogre and a hound.

Vanquished Creatures
  Sigmund (D:3)
  Crazy Yiuf (D:3)
  2 adders (D:2)
  3 oozes
  A worm (D:2)
  2 leopard geckos
  4 giant cockroaches
  7 goblins
  3 hobgoblins
  4 jackals (D:2)
  2 ball pythons
  6 bats
  6 frilled lizards
  4 kobolds
  8 rats
54 creatures vanquished.

Notes
Turn   | Place    | Note
-------+----------+-------------------------------------------
     0 | D:1      | KleinerIrrer the Naga Fighter began the quest for the Orb.
     0 | D:1      | Reached XP level 1. HP: 21/21 MP: 1/1
    57 | D:1      | Reached XP level 2. HP: 14/28 MP: 2/2
   673 | D:1      | Reached XP level 3. HP: 29/34 MP: 3/3
  1661 | D:2      | Reached XP level 4. HP: 40/42 MP: 4/4
  1695 | D:2      | Reached skill level 3 in Polearms
  2263 | D:3      | Noticed Sigmund
  2273 | D:3      | Killed Sigmund
  2273 | D:3      | Reached skill level 4 in Polearms
  2273 | D:3      | Reached skill level 1 in Dodging
  2273 | D:3      | Reached XP level 5. HP: 38/49 MP: 5/5
  2273 | D:3      | Reached XP level 6. HP: 44/56 MP: 6/6
  2450 | D:3      | Found a runed door.
  2454 | D:3      | Noticed Crazy Yiuf
  2461 | D:3      | Killed Crazy Yiuf
  2626 | D:3      | Demolished by an ogre

Skill      XL: |  1  2  3  4 |
---------------+-------------+-----
Armour         | 3 |  3.2
Polearms       | 4 |  4.5
Dodging        | 1 |  1.1
Shields        | 3 |  3.0
Fighting       | |  3.6

Action                   |  1- 3 |  4- 6 || total
-------------------------+-------+-------++-------
Melee: Trident           |   163 |    50 ||   213
       Quarterstaff      |       |    12 ||    12
  Use: Scroll            |     2 |       ||     2
       Potion            |       |     2 ||     2
 Stab: Sleeping          |     2 |       ||     2
  Eat: Chunk             |     2 |     2 ||     4
Armor: Leather armour    |    50 |     8 ||    58
       Robe              |       |     7 ||     7
Dodge: Dodged            |    42 |    20 ||    62
Block: Shield            |    73 |    10 ||    83
